[Event "*** Titled Tuesday Blitz"]
[Site "Chess.com"]
[Date "2020.05.19"]
[Round "5"]
[White "MomchilPetkov"]
[Black "Igrok3069"]
[Result "0-1"]
[WhiteElo "2555"]
[BlackElo "2770"]
[TimeControl "180+1"]
[EndTime "12:56:43 PDT"]
[Termination "Igrok3069 won by resignation"]

1. d4 d5 2. c4 c6 3. Nf3 Nf6 4.
Qc2 g6 5. Bf4 dxc4 6. Qxc4 Bg7 7. e3 O-O 8. Be2 Be6 9. Qc2 Nbd7 10. O-O Bf5 11. Qb3 Qb6 12. Nbd2 Nh5 13. Bg5 Rfe8 14. Rac1 h6 15. Bh4 g5 16. Bg3 Nxg3 17.
hxg3 e5 18. Nc4 Qxb3 19. axb3 exd4 20. Nd6 d3 21. Bd1 Bg6 22. Nxe8 Rxe8 23. Ra1 a6 24. Ra2 c5 25. Nd2 Ne5 26. Re1 Nc6 27. Bf3 Nb4 28. Ra5 b6 29. Ra4 b5 30. Ra5 Bxb2 31.
Nb1 c4 32. bxc4 bxc4 33. Ra4 Rb8 34. e4 c3 35. Nxc3 Bxc3 36. Rd1 d2 37. Ra3 Rc8 38. Bg4 Rc7 39. f3 Nc2 40. Ra2 Ne3 41. Raxd2 Bxd2 42.
Rxd2 0-1

[Event "*** Titled Tuesday Blitz"]
[Site "Chess.com"]
[Date "2020.05.19"]
[Round "5"]
[White "stolencandy13"]
[Black "bakki78"]
[Result "0-1"]
[WhiteElo "2556"]
[BlackElo "2754"]
[TimeControl "180+1"]
[EndTime "12:56:43 PDT"]
[Termination "bakki78 won by checkmate"]

1. e4 c5 2. Nf3 Nc6 3. d4 cxd4 4. Nxd4 Nf6 5. Nc3 d6 6. Bg5 e6 7. Qd2 a6 8. O-O-O Bd7 9. f3 b5 10. Kb1 h6 11. Be3 Na5 12. Bd3 b4 13. Nce2 e5 14.
Nb3 Nxb3 15. axb3 a5 16. h4 Be7 17. g4 a4 18. Qxb4 Rb8 19. Qc3 axb3 20. cxb3 O-O 21. Bc4 Be6 22. g5 Bxc4 23. bxc4 Nh5 24. gxh6 g6 25.
f4 Qc8 26. f5 Qa6 27. Rhg1 Kh7 28. Ng3 Nxg3 29. Rxg3 Rfc8 30. fxg6+ fxg6 31. h5 g5 32. Rc1 Ra8 33. c5 Qa2+ 34. Kc2 Ra4 35. Kd1 Qf7 36. Kd2 Rxe4 37. Qd3 d5 38. Rc4 Qf5 39. Rxe4 dxe4 40. Qa6 Rd8+ 41. Ke2 Bf6 42. Qb6 g4 43. c6 Qe6 44. c7 Qc4+ 45. Kf2 Rd1 46. Kg2 Qf1+ 47.
Kh2 Qh1# 0-1

[Event "*** Titled Tuesday Blitz"]
[Site "Chess.com"]
[Date "2020.05.19"]
[Round "5"]
[White "CHESSMASTER759"]
[Black "alenee"]
[Result "1-0"]
[WhiteElo "2655"]
[BlackElo "2427"]
[TimeControl "180+1"]
[EndTime "12:56:45 PDT"]
[Termination "CHESSMASTER759 won by checkmate"]

1. e4 c5 2. Nf3 e6 3. c4 Nc6 4. d4 cxd4 5. Nxd4 Nf6 6. Nc3 Bb4 7. Nxc6 bxc6 8. e5 Ne4 9. Qd3 Nxc3 10. bxc3 Bc5 11.
Bf4 O-O 12. Qd2 f6 13. exf6 Qxf6 14. Be3 Bxe3 15. Qxe3 d5 16. Be2 e5 17. cxd5 cxd5 18.
O-O Bf5 19. Rad1 Rad8 20. Bd3 d4 21. cxd4 exd4 22. Qd2 Rd6 23. Bxf5 Qxf5 24. Qd3 Qd5 25. Rd2 h6 26. Re1 Rc8 27. h3 Rc3 28. Qb1 d3 29. Qb4 Rc4 30. Qb8+ Kh7 31. Re8 Rb6 32. Rh8+ Kg6 33.
Qg3+ Qg5 34. Qxd3+ Kh5 35. Qxc4 Rb1+ 36. Kh2 Qe5+ 37. g3 Rh1+ 38. Kxh1 Qe1+ 39. Kg2 Qxd2 40. Qg4# 1-0

[Event "*** Titled Tuesday Blitz"]
[Site "Chess.com"]
[Date "2020.05.19"]
[Round "5"]
[White "Efremov_Vlad"]
[Black "gvanna"]
[Result "0-1"]
[WhiteElo "2151"]
[BlackElo "2459"]
[TimeControl "180+1"]
[EndTime "12:56:45 PDT"]
[Termination "gvanna won by resignation"]

1. c4 e5 2. g3 Nc6 3. Bg2 Nf6 4. Nc3 g6 5. d3 Bg7 6. e4 O-O 7. Nge2 d6 8. O-O Nd4 9. f4 Be6 10. Nxd4 exd4 11. Nd5 c6 12. Nxf6+ Bxf6 13. f5 Bd7 14. Bh6 Re8 15. fxg6 fxg6 16. Qf3 Be5 17. h4 Qe7 18. Bg5 Qg7 19. Bf6 Qf7 20. Bxe5 Qxf3 21. Rxf3 dxe5 22. Raf1 Rf8 23. Rxf8+ Rxf8 24. Rxf8+ Kxf8 25. Kf2 c5 26. a3 Ba4 27. Bh3 Ke7 28. Ke2 b5 29. Kd2 bxc4 30.
dxc4 Bb3 31. Bf1 a5 32. Kd3 Kf6 33. Be2 h6 34. Bg4 Ba2 35. Be2 Bb1+ 0-1

[Event "*** Titled Tuesday Blitz"]
[Site "Chess.com"]
[Date "2020.05.19"]
[Round "5"]
[White "vpantev"]
[Black "maciek_92"]
[Result "1-0"]
[WhiteElo "2568"]
[BlackElo "2725"]
[TimeControl "180+1"]
[EndTime "12:56:46 PDT"]
[Termination "vpantev won by resignation"]

1. d4 Nf6 2. Nf3 b6 3. Bf4 Bb7 4. e3 e6 5. Bd3 Be7 6. h3 c5 7. c3 Nc6 8. O-O O-O 9. Nbd2 d5 10. a3 a5 11. Ne5 Nxe5 12. Bxe5 Nd7 13. Bg3 f5 14. Nf3 Nf6 15. c4 Ne4 16. Be5 a4 17. Rc1 Qd7 18. Qe2 b5 19. cxd5 c4 20. Bb1 Qxd5 21. Rfd1 Rac8 22. Ne1 c3 23. f3 Nd2 24. bxc3 Nb3 25. Bd3 Nxc1 26. Rxc1 Bxa3 27. Ra1 Rxc3 28.
Bxb5 Bc1 29. Rxa4 Bxe3+ 30. Kh2 f4 31. Bd3 Qd7 32. Ra7 Rb3 33. Qc2 Rb6 34. Bxh7+ Kh8 35. Bg6 Rc6 36. Qb3 Bxd4 37. Rxb7 Qxb7 38. Qxb7 1-0

[Event "*** Titled Tuesday Blitz"]
[Site "Chess.com"]
[Date "2020.05.19"]
[Round "5"]
[White "Tashik"]
[Black "diablanni"]
[Result "0-1"]
[WhiteElo "2488"]
[BlackElo "2338"]
[TimeControl "180+1"]
[EndTime "12:56:46 PDT"]
[Termination "diablanni won by resignation"]

1. c4 e5 2. Nc3 Nc6 3. Nf3 f5 4. g3 Nf6 5. d4 e4 6. d5 exf3 7. dxc6 fxe2 8. Qxe2+ Be7 9. cxd7+ Bxd7 10. Bg2 c6 11. O-O O-O 12. Bf4 Re8 13. Qc2 Qa5 14. a3 Be6 15. b3 Rad8 16. Rfe1 Bc8 17. Re5 Qb6 18. c5 Bxc5 19. Rxe8+ Rxe8 20. Na4 Bxf2+ 21. Qxf2 Qxb3 22. Nc5 Qc3 23. Rc1 Qxa3 24. h3 Nh5 25.
Bd6 Qxc1+ 26. Kh2 Nf6 27. Qa2+ Kh8 28. Qf7 Qh6 29. Nxb7 Bxb7 30. Qxb7 Ng4+ 31. Kg1 Qe3+ 32. Kh1 Qe1+ 0-1

[Event "*** Titled Tuesday Blitz"]
[Site "Chess.com"]
[Date "2020.05.19"]
[Round "5"]
[White "SameerMujumdar"]
[Black "mortngabriel"]
[Result "1-0"]
[WhiteElo "2275"]
[BlackElo "2453"]
[TimeControl "180+1"]
[EndTime "12:56:46 PDT"]
[Termination "SameerMujumdar won on time"]

1. e4 c5 2. Nf3 d6 3. d4 cxd4 4. Nxd4 Nf6 5. Nc3 g6 6. Be2 Bg7 7. O-O O-O 8. Be3 Nc6 9. Nb3 Be6 10. Qd2 Rc8 11. Rad1 Ne5 12. Nd4 Nc4 13. Bxc4 Rxc4 14. Nxe6 fxe6 15. e5 Ng4 16. exd6 Nxe3 17. Qxe3 Qd7 18.
dxe7 Qxe7 19. Rd3 a6 20. Re1 b5 21. a3 a5 22. Nxb5 Rxc2 23. Rd2 Rxb2 24. Rxb2 Bxb2 25.
Qb3 Qf6 26. Qxe6+ Qxe6 27. Rxe6 Rc8 28. g3 Rc1+ 29. Kg2 Ra1 30. Ra6 Bxa3 31. Rxa5 Bb2 32. Rxa1 Bxa1 33. f4 Kf7 34. Kf3 h5 35. Ke4 Kf6 36.
h3 g5 37. f5 g4 38. hxg4 hxg4 39. Nc7 Kg5 40. Nd5 1-0

[Event "*** Titled Tuesday Blitz"]
[Site "Chess.com"]
[Date "2020.05.19"]
[Round "5"]
[White "Gandrade2"]
[Black "ChadBiryani"]
[Result "0-1"]
[WhiteElo "2030"]
[BlackElo "2295"]
[TimeControl "180+1"]
[EndTime "12:56:46 PDT"]
[Termination "ChadBiryani won by resignation"]

1. b3 d5 2. Bb2 c5 3. e3 Nc6 4.
Bb5 f6 5. f4 Qc7 6. Nf3 Be6 7.
O-O Bf7 8. d3 e6 9. Nbd2 Bd6 10.
Qe1 Ne7 11. Qg3 Nf5 12. Qf2 O-O-O 13. c4 Nxe3 14. Qxe3 Bxf4 15. Qe2 d4 16. Bxc6 bxc6 17. Ne4 Qb6 18. Bc1 Bb8 19. Bd2 h6 20. a3 f5 21.
Ng3 Qc7 22. b4 cxb4 23. Bxb4 c5 24. Bd2 Rde8 25. Rab1 g6 26. Rfe1 e5 27. Qd1 Re7 28. Qa4 Rhe8 29. Qb5 e4 30. dxe4 fxe4 31. Nh4 e3 32. Ba5 Qd6 33. Rf1 d3 34. Rbd1 e2 35. Rb1 exf1=Q+ 36. Nxf1 a6 37. Qb3 Qd4+ 38. Kh1 Qxh4 39.
Qb7+ Rxb7 0-1

[Event "*** Titled Tuesday Blitz"]
[Site "Chess.com"]
[Date "2020.05.19"]
[Round "5"]
[White "Maybe00"]
[Black "SanchezKelvin"]
[Result "1-0"]
[WhiteElo "2679"]
[BlackElo "2480"]
[TimeControl "180+1"]
[EndTime "12:56:47 PDT"]
[Termination "Maybe00 won by resignation"]

1. d4 Nf6 2. c4 g6 3. Nc3 Bg7 4. e4 d6 5. f3 O-O 6. Nge2 c5 7.
d5 e6 8. Ng3 exd5 9. cxd5 a6 10. a4 Qa5 11. Be2 b5 12. O-O b4 13.
Nb1 Re8 14. Nd2 Qc7 15. a5 Bd7 16. Nc4 Bb5 17. Nb6 Ra7 18. Bf4 Nbd7 19. Nc4 Bxc4 20. Bxc4 Ne5 21. Bxe5 Rxe5 22. b3 h5 23. Ra2 h4 24.
Nh1 Nh5 25. Qe1 Qe7 26. Nf2 Nf4 27. Nd3 Nxd3 28. Bxd3 Rh5 29. f4 Bd4+ 30. Kh1 Kg7 31. Re2 f6 32. Bc4 Bc3 33. Qd1 Rh8 34. Re3 Qd8 35.
Qg4 Qd7 36. Qf3 Qd8 37. Rxc3 bxc3 38. Qxc3 Qe7 39. Re1 Raa8 40. e5 fxe5 41. fxe5 Rhe8 42.
exd6+ Qf6 43. Qxf6+ Kxf6 44. Re6+ Rxe6 45. dxe6 Rd8 46. e7 Rb8 47. h3 g5 48. Bxa6 Ke6 49.
Bb5 Kxd6 50. e8=Q Rxe8 51. Bxe8 1-0

[Event "*** Titled Tuesday Blitz"]
[Site "Chess.com"]
[Date "2020.05.19"]
[Round "5"]
[White "LogoCzar"]
[Black "EugeneRougon"]
[Result "0-1"]
[WhiteElo "2446"]
[BlackElo "2755"]
[TimeControl "180+1"]
[EndTime "12:56:47 PDT"]
[Termination "EugeneRougon won by checkmate"]

1. e4 d6 2. d4 Nf6 3. Nc3 g6 4. f4 Bg7 5. Nf3 O-O 6. Bd3 Nc6 7. e5 dxe5 8. fxe5 Nh5 9. Be3 Bg4 10. Qd2 Bxf3 11. gxf3 Nxd4 12. O-O-O c5 13. Be4 Bxe5 14. f4 Bg7 15. f5 e6 16. fxe6 fxe6 17. Qg2 Qb6 18.
Rhg1 Nf5 19. Bf2 Rad8 20. Bxf5 exf5 21. Rxd8 Rxd8 22. Rd1 Bxc3 23. Rxd8+ Qxd8 24. bxc3 b6 25. Qb7 Nf4 26. Qxa7 Ne2+ 27. Kb2 Qd2 28. Qb8+ Kg7 29. Qe5+ Kf7 30. Bd4 cxd4 31. Qc7+ Kf6 32. Qd6+ Kg5 33.
Qe7+ Kg4 34. h3+ Kf3 35. Qb7+ Kf2 36. Qxb6 Qxc3+ 37. Kb1 Qe1+ 38. Kb2 Qc1+ 39. Kb3 Qb1+ 40. Ka3 Qxb6 41. c4 dxc3 42. h4 Nd4 43. h5 Nc2+ 44. Ka4 Qb4# 0-1

[Event "*** Titled Tuesday Blitz"]
[Site "Chess.com"]
[Date "2020.05.19"]
[Round "5"]
[White "A-Fier"]
[Black "elohunter1999"]
[Result "1-0"]
[WhiteElo "2743"]
[BlackElo "2552"]
[TimeControl "180+1"]
[EndTime "12:56:48 PDT"]
[Termination "A-Fier won on time"]

1. d4 Nf6 2. c4 e6 3. Nf3 d5 4. Nc3 Be7 5. Bf4 O-O 6. e3 c5 7.
dxc5 Bxc5 8. Qc2 Nc6 9. a3 Re8 10. Rd1 Qa5 11. Nd2 e5 12. Bg5 Nd4 13. Qb1 Bf5 14. Bd3 Bxd3 15. Qxd3 Ne4 16. Nxd5 Nxg5 17. b4 Qd8 18. bxc5 Nde6 19. h4 Nxc5 20. Qf5 Nge6 21. Nf3 Qa5+ 22. Kf1 f6 23. h5 Qa4 24. Rc1 Qxa3 25.
Rb1 Qa2 26. Rh4 e4 27. Nxf6+ gxf6 28. Rg4+ Ng7 29. Qxf6 Qxc4+ 30. Kg1 Qf7 31. Qc3 Na4 32. Qa1 h6 33. Ne5 Rxe5 34. Qxe5 Nb6 35. Qxe4 Re8 36. Qd4 Kh7 37. Rb5 Ne6 38. Qd3+ Kh8 39. Rg6 Qf8 40. Rf5 1-0

[Event "*** Titled Tuesday Blitz"]
[Site "Chess.com"]
[Date "2020.05.19"]
[Round "5"]
[White "IwkooO"]
[Black "praveenb2002"]
[Result "1/2-1/2"]
[WhiteElo "2554"]
[BlackElo "2718"]
[TimeControl "180+1"]
[EndTime "12:56:48 PDT"]
[Termination "Game drawn by repetition"]

1. e4 e5 2. Nf3 Nc6 3. Bb5 a6 4. Ba4 Nf6 5. O-O b5 6. Bb3 Bc5 7. a4 Bb7 8. axb5 axb5 9. Rxa8 Bxa8 10. c3 O-O 11. d4 Bb6 12. Bg5 d6 13. Na3 exd4 14.
cxd4 Na5 15. e5 dxe5 16. dxe5 Qxd1 17. Bxd1 Ne4 18. Nxb5 Nxg5 19. Nxg5 Nc4 20. e6 fxe6 21. Bb3 Bd5 22. Nc3 Nd2 23. Nxd5 exd5 24. Bxd5+ Kh8 25.
Nf7+ Rxf7 26. Bxf7 Nxf1 27. Kxf1 g6 28. Ke2 Kg7 29.
Bd5 Kf6 30. f4 h5 31. Kf3 Bg1 32. h3 Bd4 33. g3 Bxb2 34. g4 hxg4+ 35. hxg4 c5 36.
Ke4 Bd4 37. f5 g5 38. Bc4 Be5 39. Kd5 Bd4 40. Ke4 Bf2 41. Kd5 Bd4 42. Kd6 Be3 43.
Be6 Bd4 44. Bc4 Bf2 45. Be6 Bd4 46. Bc4 1/2-1/2

[Event "*** Titled Tuesday Blitz"]
[Site "Chess.com"]
[Date "2020.05.19"]
[Round "5"]
[White "hongnhung1234"]
[Black "Gromes7"]
[Result "1-0"]
[WhiteElo "2196"]
[BlackElo "2016"]
[TimeControl "180+1"]
[EndTime "12:56:48 PDT"]
[Termination "hongnhung1234 won by resignation"]

1. e4 c5 2. Nc3 d6 3. f4 g6 4. Nf3 Bg7 5. Bc4 Nc6 6. O-O e6 7. d3 Nge7 8. Qe1 O-O 9. f5 exf5 10. Qh4 fxe4 11. Ng5 h6 12. Nxf7 Rxf7 13. Bxf7+ Kh7 14.
Nxe4 Nf5 15. Qg4 Ne5 16. Bxg6+ Nxg6 17. Rxf5 Bxf5 18. Qxf5 Qf8 19. Qxf8 Rxf8 20. Be3 Be5 21. c3 Ne7 22. d4 cxd4 23. cxd4 Nd5 24. Bf2 Bf4 25.
Re1 Rc8 26. g3 Bg5 27. Nxd6 Rc2 28. Re5 Nb4 29. Ne4 Nd3 30. Nxg5+ hxg5 31. Re7+ Kg6 32.
Be3 Rxb2 33. d5 Kf6 34. d6 Rxa2 35. Bd4+ Kg6 36. Rxb7 Ra6 37. d7 Rd6 38. Bxa7 Ne5 39. Rb6 Rxb6 40. d8=Q Nd7 41. Qxd7 Rb1+ 42. Kg2 1-0

[Event "*** Titled Tuesday Blitz"]
[Site "Chess.com"]
[Date "2020.05.19"]
[Round "5"]
[White "TheBigBoss04"]
[Black "gross-aleks"]
[Result "0-1"]
[WhiteElo "2748"]
[BlackElo "2578"]
[TimeControl "180+1"]
[EndTime "12:56:49 PDT"]
[Termination "gross-aleks won by resignation"]

1. d4 Nf6 2. c4 e6 3. Nc3 Bb4 4. Qc2 O-O 5. a3 Bxc3+ 6. Qxc3 d6 7. Nf3 b6 8. e3 Bb7 9. b4 Nbd7 10. Bb2 Ne4 11.
Qc2 f5 12. d5 exd5 13. cxd5 Bxd5 14. Bc4 Bxc4 15. Qxc4+ Kh8 16. O-O c5 17. Rad1 Qe7 18. Rd3 Ndf6 19. Rfd1 d5 20. Qc2 Rac8 21. bxc5 bxc5 22.
Be5 c4 23. Rd4 Qxa3 24. Bxf6 Nxf6 25. Qxf5 c3 26. Qd3 Qb2 27. Qb1 a5 28. h3 Rb8 29.
Qc1 c2 30. Re1 Qxc1 31. Rxc1 Rb1 0-1

[Event "*** Titled Tuesday Blitz"]
[Site "Chess.com"]
[Date "2020.05.19"]
[Round "5"]
[White "Szparu"]
[Black "Gareth-Bale11"]
[Result "1-0"]
[WhiteElo "2560"]
[BlackElo "2698"]
[TimeControl "180+1"]
[EndTime "12:56:49 PDT"]
[Termination "Szparu won by resignation"]

1. e4 c5 2. Nf3 d6 3. d4 cxd4 4. Nxd4 Nf6 5. Nc3 a6 6. Bg5 Nbd7 7. Qe2 e6 8. O-O-O Qc7 9. f4 b5 10. a3 Bb7 11. g4 h6 12. Bxf6 Nxf6 13. Bg2 Be7 14. h4 Nd7 15. Nd5 exd5 16. exd5 Kf8 17. g5 Re8 18. Rhe1 hxg5 19. hxg5 g6 20. Kb1 Kg7 21. Qd2 Qd8 22. Nc6 Bxc6 23. dxc6 Nb6 24. Qd4+ f6 25. Re6 Kf7 26. Rde1 Qc7 27. Bd5 Nxd5 28.
Qxd5 Kg7 29. gxf6+ Bxf6 30. Rxe8 Rxe8 31. Rxe8 1-0

[Event "*** Titled Tuesday Blitz"]
[Site "Chess.com"]
[Date "2020.05.19"]
[Round "5"]
[White "FMVolodymyrSakun"]
[Black "PavelShkapenko"]
[Result "1/2-1/2"]
[WhiteElo "2490"]
[BlackElo "2676"]
[TimeControl "180+1"]
[EndTime "12:56:49 PDT"]
[Termination "Game drawn by repetition"]

1. Nf3 Nf6 2. c4 e6 3. d4 Bb4+ 4. Bd2 Qe7 5. g3 Nc6 6. Bg2 Bxd2+ 7. Nbxd2 d6 8. O-O a5 9. e4 e5 10. d5 Nb8 11. Ne1 O-O 12. Nd3 Na6 13. a3 Bg4 14. f3 Bd7 15. b4 c6 16. Qb3 cxd5 17. exd5 Bf5 18. Ne4 Bxe4 19. fxe4 Nd7 20. Bh3 Nf6 21. Rae1 axb4 22. axb4 g6 23. c5 dxc5 24. bxc5 Nxc5 25. Qb4 b6 26. Re3 Ra4 27. Qxb6 Ncxe4 28. d6 Nxd6 29. Rxe5 Qd8 30. Qxd8 Rxd8 31. Rxf6 Nc4 32. Re7 Rxd3 33.
Rfxf7 Ra1+ 34. Bf1 Ne3 35. Rg7+ Kf8 36. Rgf7+ Kg8 37.
Rg7+ Kf8 38. Rgf7+ Kg8 1/2-1/2

[Event "*** Titled Tuesday Blitz"]
[Site "Chess.com"]
[Date "2020.05.19"]
[Round "5"]
[White "Msb2"]
[Black "djano"]
[Result "1-0"]
[WhiteElo "2888"]
[BlackElo "2449"]
[TimeControl "180+1"]
[EndTime "12:56:49 PDT"]
[Termination "Msb2 won by resignation"]

1. d4 Nf6 2. c4 e6 3. Nc3 Bb4 4. e3 b6 5. Bd2 Bb7 6. Nf3 O-O 7. Bd3 d6 8. b3 Nbd7 9. a3 Bxc3 10.
Bxc3 Ne4 11. Bb2 f5 12. O-O Ndf6 13. Nd2 Qe8 14. f3 Nxd2 15. Qxd2 Nh5 16. Rae1 e5 17.
d5 a5 18. f4 e4 19. Be2 Qg6 20. Qd4 Nf6 21. h3 Rf7 22. Kh2 h5 23. g3 Re8 24.
Rg1 Kf8 25. Rg2 Ke7 26. Rh1 Rh8 27. Kg1 Kd8 28. Kf2 Rh7 29. Ke1 Nd7 30. b4 axb4 31. axb4 Qf6 32. Qd2 Qe7 33. Kf2 g5 34. Ra1 h4 35.
Ra7 Kc8 36. Bd4 hxg3+ 37. Rxg3 gxf4 38. exf4 Qh4 39. Qe3 Ne5 40. Kf1 Nd7 41. c5 dxc5 42. bxc5 bxc5 43. Bxc5 Qd8 44. Bd4 Nb6 45. Bb5 Qxd5 46.
Rg8+ 1-0

[Event "*** Titled Tuesday Blitz"]
[Site "Chess.com"]
[Date "2020.05.19"]
[Round "5"]
[White "Gennady_Kozlov"]
[Black "Andro2"]
[Result "1-0"]
[WhiteElo "2586"]
[BlackElo "2415"]
[TimeControl "180+1"]
[EndTime "12:56:49 PDT"]
[Termination "Gennady_Kozlov won by resignation"]

1. b3 d5 2. Bb2 Bg4 3. f3 Bf5 4. e3 Nd7 5. f4 e6 6. Nf3 h6 7.
Be2 Ngf6 8. O-O Bd6 9. d3 O-O 10. Qe1 Bh7 11. Nbd2 Ng4 12. Qg3 Ngf6 13. Rae1 Re8 14.
e4 dxe4 15. Nxe4 Nh5 16. Qg4 Ndf6 17. Nxf6+ Nxf6 18. Qg3 Bc5+ 19. Kh1 Bf8 20. Ne5 c5 21. Bf3 Rb8 22. a4 Nd7 23. Ng4 Bg6 24. h4 Kh7 25. Ne3 Nf6 26. Bxf6 Qxf6 27. h5 Bf5 28. Nxf5 exf5 29.
Bd5 b6 30. Rf3 Bd6 31. Rfe3 Rxe3 32. Rxe3 Rd8 33. Bc4 Rd7 34. Qf2 Re7 35. Rxe7 Bxe7 36. g3 Bd6 37. Qe2 g6 38. hxg6+ Kxg6 39. Kg2 h5 40. Qe8 Be7 41. Qg8+ Qg7 42. Bxf7+ Kf6 43. Qxg7+ Kxg7 44. Bxh5 Kf6 45. Kf3 Bd6 46. Be8 a5 47. Bd7 Be7 48. Ke3 Bd6 49. Kd2 Be7 50. Kc3 Bd8 51.
Kc4 Bc7 52. Kd5 Ke7 53. Bxf5 Kf6 54. Bc8 Bd8 55. Kc6 Ke7 56. g4 Ke8 57. g5 Ke7 58. f5 Ke8 59. f6 Kf7 60. Bf5 Ke8 61. Be6 Kf8 62. Kd7 1-0

[Event "*** Titled Tuesday Blitz"]
[Site "Chess.com"]
[Date "2020.05.19"]
[Round "5"]
[White "Danfii"]
[Black "GM4life"]
[Result "1-0"]
[WhiteElo "2354"]
[BlackElo "2200"]
[TimeControl "180+1"]
[EndTime "12:56:49 PDT"]
[Termination "Danfii won by resignation"]

1. e4 c5 2. Nf3 d6 3. d4 cxd4 4.
Nxd4 Nf6 5. Nc3 a6 6. Be3 e5 7. Nb3 Be7 8. h3 Be6 9. f4 exf4 10. Bxf4 Nc6 11. Qe2 O-O 12. O-O-O Qc7 13. g4 b5 14. g5 Nd7 15. Nd5 Bxd5 16. exd5 Nce5 17. Kb1 Rfe8 18.
Qg2 b4 19. h4 a5 20. Nd4 a4 21. Rh3 Rec8 22. h5 Nc4 23. Nc6 Nde5 24. Bxc4 Nxc4 25. g6 fxg6 26. hxg6 h6 27. Qe4 Ne5 28. Bxe5 dxe5 29. Qf5 Bf6 30. Qe6+ Kh8 31. Rdh1 Bg5 32. R3h2 e4 33. Ne5 Re8 34. Nf7+ Kg8 35. Nxh6+ Kf8 36. Rf2+ Bf4 37. Qg8+ Ke7 38. Qf7+ Kd8 39. Qxf4 Qxf4 40. Rxf4 gxh6 41. Re1 e3 42. Rf3 Ra5 43. Rexe3 Rxe3 44. Rxe3 Rxd5 45. Rd3 Rxd3 46. cxd3 h5 47. g7 1-0

[Event "*** Titled Tuesday Blitz"]
[Site "Chess.com"]
[Date "2020.05.19"]
[Round "5"]
[White "Char_dasha"]
[Black "GianmarcoVaR"]
[Result "1-0"]
[WhiteElo "2364"]
[BlackElo "2483"]
[TimeControl "180+1"]
[EndTime "12:56:50 PDT"]
[Termination "Char_dasha won by checkmate"]

1. c4 Nf6 2. Nc3 e5 3. g3 Bb4 4. Bg2 O-O 5. e4 Bxc3 6. bxc3 d6 7. d3 a6 8. Nf3 b5 9. Nd2 Be6 10. cxb5 axb5 11. a4 Nbd7 12. O-O Nc5 13. d4 Nxa4 14. Qc2 Nb6 15. Rxa8 Qxa8 16. d5 Bg4 17. f4 Bd7 18.
fxe5 dxe5 19. h3 Ne8 20. Nb3 Nd6 21. Nc5 Nb7 22. Be3 Nc4 23. Bf2 Nxc5 24. Bxc5 Rc8 25. Qf2 Be8 26. h4 Nd6 27. h5 h6 28. g4 Qa4 29.
Bb4 f6 30. g5 fxg5 31. Bh3 Ra8 32. Be6+ Kh7 33. Bxd6 cxd6 34. Qf8 g6 35. Qe7+ Kh8 36. Rf8# 1-0

[Event "*** Titled Tuesday Blitz"]
[Site "Chess.com"]
[Date "2020.05.19"]
[Round "5"]
[White "tan275"]
[Black "XiaoKangZhong"]
[Result "1-0"]
[WhiteElo "2196"]
[BlackElo "2398"]
[TimeControl "180+1"]
[EndTime "12:56:50 PDT"]
[Termination "tan275 won by checkmate"]

1. d4 Nf6 2. c4 g6 3. g3 Bg7 4.
Bg2 O-O 5. Nc3 c6 6. Nf3 d5 7. O-O Ne4 8. cxd5 cxd5 9. Ne5 Nxc3 10. bxc3 Nc6 11. Nd3 Bf5 12. Ba3 Rc8 13. Qb3 Be4 14.
Qxb7 Na5 15. Qxe7 Nc4 16. Qxd8 Rfxd8 17. Bc5 Bxd3 18. exd3 Nb2 19. Rab1 Nxd3 20. Bxa7 Rxc3 21. Rb7 Ra3 22. Bc5 Rxa2 23. Be7 Re8 24. Bxd5 Bxd4 25.
Bxa2 Ne5 26. Rc7 Bb6 27. Rb7 Bd4 28. Bf6 Rf8 29. Bxe5 Bxe5 30. Rd1 Bf6 31. Rdd7 Rc8 32. Bxf7+ Kh8 33. Bd5 Bd4 34. Rxh7# 1-0

[Event "*** Titled Tuesday Blitz"]
[Site "Chess.com"]
[Date "2020.05.19"]
[Round "5"]
[White "Storchnoi"]
[Black "pavelalexandru07"]
[Result "1-0"]
[WhiteElo "1945"]
[BlackElo "2205"]
[TimeControl "180+1"]
[EndTime "12:56:50 PDT"]
[Termination "Storchnoi won on time"]

1. d4 Nf6 2. c4 c5 3. d5 e6 4. Nc3 exd5 5. cxd5 d6 6. e4 g6 7. Nf3 a6 8. a4 Bg4 9. Be2 Bxf3 10. Bxf3 Bg7 11.
O-O O-O 12. Bg5 Nbd7 13. Qd2 Re8 14. Rfe1 Qa5 15. Bh6 Bh8 16. Bf4 Ne5 17. Be2 Rac8 18. h3 c4 19. Bg5 Nfd7 20. f4 Nd3 21. Bxd3 cxd3 22. Qxd3 Nc5 23. Qf3 Qb4 24. Rab1 Nb3 25. f5 Qd4+ 26. Kh1 Nd2 27. Bxd2 Qxd2 28. Rf1 Rf8 29. Ne2 Be5 30. h4 Rc2 31. Ng3 Rxb2 32. Rxb2 Qxb2 33. fxg6 hxg6 34. h5 Bg7 35. Qf4 Qe5 36.
Qf3 Qd4 37. Qf4 Qe5 38. Qf3 b5 39. axb5 axb5 40. Qe3 b4 41. Kh2 Rb8 42. Kh3 b3 43.
Qf3 Rf8 44. Qxb3 1-0

[Event "*** Titled Tuesday Blitz"]
[Site "Chess.com"]
[Date "2020.05.19"]
[Round "5"]
[White "gena217"]
[Black "Korona_91"]
[Result "1-0"]
[WhiteElo "2863"]
[BlackElo "2541"]
[TimeControl "180+1"]
[EndTime "12:56:51 PDT"]
[Termination "gena217 won by resignation"]

1. e4 e6 2. d4 d5 3. Nd2 a6 4.
Ngf3 c5 5. dxc5 Bxc5 6. exd5 exd5 7. Nb3 Bb6 8. Bd3 Qe7+ 9. Qe2 Bg4 10. Qxe7+ Nxe7 11. Ne5 Bf5 12. O-O f6 13. Bxf5 Nxf5 14.
Nd3 Nc6 15. Nf4 O-O-O 16. Rd1 Rhe8 17. Kf1 d4 18. Bd2 Ne5 19. Ba5 Bxa5 20. Nxa5 g5 21. Nh5 Re6 22. Re1 Rde8 23. Nb3 Nc4 24. Nxf6 Nfe3+ 25. Kg1 Rxf6 26. Nxd4 Ref8 27. fxe3 Nxb2 28. e4 Nc4 29. e5 R6f7 30. e6 Re7 31. Rad1 Rfe8 32. Kf2 Nb6 33. Nf5 Rf8 34. g4 Rc7 35. e7 Rxc2+ 36. Kg1 Re8 37. Nd6+ 1-0

[Event "*** Titled Tuesday Blitz"]
[Site "Chess.com"]
[Date "2020.05.19"]
[Round "5"]
[White "MilanJeremic"]
[Black "Crazy_girl99"]
[Result "1-0"]
[WhiteElo "2294"]
[BlackElo "2422"]
[TimeControl "180+1"]
[EndTime "12:56:52 PDT"]
[Termination "MilanJeremic won by resignation"]

1. d4 d5 2. Nf3 Nf6 3. g3 g6 4. Bg2 Bg7 5. O-O O-O 6. b3 Bf5 7. Bb2 c6 8. c4 Ne4 9. Nc3 Nd7 10. e3 a6 11. cxd5 Nxc3 12. Bxc3 cxd5 13. Rc1 Rc8 14. h4 b5 15. Qd2 Qb6 16. Ba5 Qb7 17. Bb4 Bf6 18.
Rxc8 Rxc8 19. Rc1 h5 20. Ng5 e6 21. Bf1 Bd8 22. Nh3 Nf6 23. Bg2 a5 24. Bc5 Bxh3 25. Bxh3 Ne4 26. Qc2 Be7 27. f3 Nxc5 28. Bxe6 fxe6 29.
Qxg6+ Kf8 30. Qh6+ Ke8 31. dxc5 Kd7 32. e4 Bxc5+ 33.
Kg2 Be7 34. Rd1 Rc2+ 35. Kh3 Qc6 36. exd5 exd5 37. Qxh5 Qe6+ 38. g4 Bd6 39. Qh7+ Be7 40. Qxc2 Qf6 41. Rxd5+ Ke8 42. Qd3 Qxh4+ 43. Kg2 Qh6 44.
Qxb5+ Kf7 45. Rf5+ Kg7 46. Qe5+ Bf6 47. Qxf6+ Qxf6 48. Rxf6 Kxf6 49. f4 1-0

[Event "*** Titled Tuesday Blitz"]
[Site "Chess.com"]
[Date "2020.05.19"]
[Round "5"]
[White "wanyaland"]
[Black "dougie47"]
[Result "1-0"]
[WhiteElo "2335"]
[BlackElo "2155"]
[TimeControl "180+1"]
[EndTime "12:56:52 PDT"]
[Termination "wanyaland won on time"]

1. d4 Nf6 2. c4 e6 3. Nc3 Bb4 4.
Qc2 d5 5. Nf3 O-O 6. Bg5 c5 7.
dxc5 d4 8. Rd1 Nc6 9. e3 e5 10. a3 Bxc5 11. b4 Nxb4 12. axb4 Bxb4 13. exd4 exd4 14. Rxd4 Qa5 15. Bd2 Qa1+ 16. Nd1 Bg4 17. Rf4 Rfe8+ 18. Be2 Bxd2+ 19. Qxd2 Rad8 20. Qc2 Bxf3 21. Rxf3 Qa5+ 22. Qc3 Rxe2+ 23. Kxe2 Qa2+ 24. Nb2 Ne4 25. Qa3 Qxa3 26. Rxa3 Rd2+ 27. Ke3 Rxb2 28. Kxe4 f5+ 29.
Kf3 1-0

[Event "*** Titled Tuesday Blitz"]
[Site "Chess.com"]
[Date "2020.05.19"]
[Round "5"]
[White "Mikhail_Golubev"]
[Black "Gloomy_Wanderer"]
[Result "0-1"]
[WhiteElo "2557"]
[BlackElo "2759"]
[TimeControl "180+1"]
[EndTime "12:56:53 PDT"]
[Termination "Gloomy_Wanderer won on time"]

1. e4 c5 2. Nf3 a6 3. Nc3 e6 4. d4 b5 5. d5 d6 6. dxe6 fxe6 7. a4 b4 8. Ne2 Nc6 9. Nf4 g5 10. Nxg5 Qxg5 11. Nxe6 Qe7 12. Qh5+ Kd7 13. Bc4 Ne5 14. Bd5 Nf6 15. Qf5 Nxd5 16. exd5 Ke8 17. Bg5 Qf7 18. Qf6 Qxf6 19. Bxf6 Bxe6 20. Bxh8 Bxd5 21. O-O Ng6 22.
Bf6 Kf7 23. Bg5 Bg7 24. Rad1 Bc4 25. Rfe1 Bd4 26. b3 Be6 27. Be3 Bxe3 28. Rxe3 d5 29. Rf3+ Kg7 30. Re1 Bf7 31. Rfe3 a5 0-1